 Dungeon Crawl Stone Soup version 0.26-a0-670-g578ab304f5 (webtiles) character file.

Game seed: 15747357437100706599

24 ANON1729 the Slasher (level 3, -2/26 HPs)
             Began as an Octopode Chaos Knight on Oct 19, 2020.
             Was a Plaything of Xom.
             Slain by an adder (4 damage)
             ... on level 2 of the Dungeon.
             The game lasted 00:00:50 (850 turns).

ANON1729 the Slasher (Octopode Chaos Knight)         Turns: 850, Time: 00:00:50

Health: -2/26      AC:  1    Str: 12    XL:     3   Next: 2%
Magic:  3/3        EV: 14    Int: 14    God:    Xom [..*...]
Gold:   30         SH:  0    Dex: 11    Spells: 2/2 levels left

rFire    . . .     SeeInvis .   a - +0 falchion (chaos)
rCold    . . .     Faith    .   (no shield)
rNeg     . . .     Spirit   .   (helmet restricted)
rPois    .         Reflect  .   (no amulet)
rElec    .         Harm     .   (no ring)
rCorr    .         Rampage  .   (no ring)
MR       .....                  (no ring)
Stlth    ++........             (no ring)
HPRegen  0.08/turn              (no ring)
MPRegen  0.08/turn              (no ring)
                                (no ring)
                                (no ring)

@: lethally poisoned (-2 -> -9), stab
A: almost no armour, stealthy swim, amphibious, 8 rings, constrict 8, camouflage
1, gelatinous body 1
a: Renounce Religion


You were on level 2 of the Dungeon.
You worshipped Xom.
You were a toy of Xom.
You visited 1 branch of the dungeon, and saw 2 of its levels.

You collected 30 gold pieces.

Inventory:

Hand Weapons
 a - a +0 falchion of chaos (weapon)
Armour
 c - a +0 buckler
Scrolls
 b - 2 scrolls of teleportation {unknown}
 d - a scroll of fog {unknown}
 e - a scroll of noise {unknown}
 f - a scroll of identify {unknown}
 g - a scroll of remove curse {unknown}
Potions
 i - a potion of invisibility {unknown}


   Skills:
 + Level 3.3 Fighting
 + Level 3.3 Long Blades
 + Level 2.8 Dodging
 + Level 0.5 Shields


You had 2 spell levels left.
You didn't know any spells.
Your spell library was empty.

Dungeon Overview and Level Annotations

Branches:
Dungeon (2/15)

Altars:


Innate Abilities, Weirdness & Mutations

You cannot wear most types of armour.
You are very stealthy in the water. (Stealth+)
You are amphibious.
You can wear up to eight rings at the same time.
You can use your tentacles to constrict eight enemies at once.
Your skin changes colour to match your surroundings (Stealth+).
Your rubbery body absorbs attacks. (AC +1, EV +1)


Message History

Your experience leads to an increase in your attributes!
Increase (S)trength, (I)ntelligence, or (D)exterity?
You feel stronger.
You feel sick. The adder bites you. x2
* * * LOW HITPOINT WARNING * * *
You hit the adder. You grab the adder. Your squeeze misses the adder.
The adder is moderately wounded.
You constrict the adder. The adder bites you.
* * * LOW HITPOINT WARNING * * *
You are more poisoned.
The adder poisons you!
It was a potion of stabbing.
You feel ready to backstab.
Xom is amused.
You constrict the adder.
* * * LOW HITPOINT WARNING * * *
You feel sick. "See what I see, my child!"
You feel aware of your surroundings. The adder bites you.
You die...

########
#......#
#......# *
***
#......# ,
, #......#
* ,*
#.S...?# *
*,*
##.@..#* *
*,* #..##$#
* ,,
#.##*,#*
*,* **#<#
,, ,
,,#...$#*,,
*
#.....###*
,,*
*#..##.** ,
, * ,.S,*#,
, ,*,** *
*, * ,,,, ,


You could see an adder.

Vanquished Creatures
  A leopard gecko (D:1)
  2 giant cockroaches (D:1)
  3 hobgoblins (D:1)
  A jackal (D:1)
  2 ball pythons (D:2)
  2 bats (D:1)
  A frilled lizard (D:1)
  4 goblins (D:1)
  A kobold (D:1)
  3 rats (D:1)
20 creatures vanquished.

Vanquished Creatures (collateral kills)
  2 goblins (D:1)
2 creatures vanquished.

Grand Total: 22 creatures vanquished

Notes
Turn   | Place    | Note
-------+----------+-------------------------------------------
     0 | D:1      | ANON1729 the Octopode Chaos Knight began the quest for the
                  | Orb.
     0 | D:1      | Reached XP level 1. HP: 16/16 MP: 1/1
    14 | D:1      | XOM: silly message
    37 | D:1      | Reached XP level 2. HP: 18/21 MP: 2/2
   148 | D:1      | XOM: silly message
   623 | D:1      | XOM: divination: detect creatures
   848 | D:2      | Reached XP level 3. HP: 12/26 MP: 3/3
   850 | D:2      | XOM: divination: magic mapping
   850 | D:2      | Slain by an adder

Illustrated notes

Levels and vault maps discovered:
D:1:      psy_arrival_radial01, layout_basic, minmay_stone_trees_medium,
          serial_park_tiny_2, minmay_heptomino_w4
D:2:      layout_rooms

Action                   || total
-------------------------++-------
Melee: Falchion          ||    43
       Constrict         ||    13
       Tentacles         ||     5
  Use: Potion            ||     1
 Stab: Distracted        ||     1
       Sleeping          ||     1
Armor: Skin              ||     3
Dodge: Dodged            ||    23
       Rpst.: Falchion   ||     1

Table legend: (Time is in decaauts)
 A = Elapsed time spent in this place.
 B = Non-inter-level travel time spent in this place.
 C = Inter-level travel time spent in this place.
 D = Time resting spent in this place.
 E = Time spent auto-exploring this place.
 F = Levels seen in this place.
 G = Mean time per level.
                   A        B        C        D        E       F      G
               +--------+--------+--------+--------+--------+-----+--------+
         Total |    856 |    842 |     14 |      0 |    724 |   2 |  428.0 |
       Dungeon |    856 |    842 |     14 |      0 |    724 |   2 |  428.0 |
               +--------+--------+--------+--------+--------+-----+--------+

Top non-repeatable levels by time:
     D:1: 845 daAuts
     D:2: 10 daAuts
